 Dungeon Crawl Stone Soup version 0.29-a0-284-gf9362112df (webtiles) character file.

Game seed: 9744223235564877274

520 chopper the Shield-Bearer (level 7, -21/60 HPs)
             Began as a Gnoll Fighter on Mar 29, 2022.
             Demolished by an ogre
             ... wielding a +0 giant club
              (24 damage)
             ... on level 5 of the Dungeon.
             The game lasted 00:20:19 (4646 turns).

chopper the Shield-Bearer (Gnoll Fighter)           Turns: 4646, Time: 00:20:20

Health: -21/60     AC: 15    Str: 15    XL:     7   Next: 21%
Magic:  10/10      EV:  5    Int:  8    God:
Gold:   175        SH:  5    Dex: 13    Spells: 10/10 levels left

rFire   . . .      SeeInvis .   f - +2 short sword (venom)
rCold   . . .      Faith    .   c - +0 buckler
rNeg    . . .      Spirit   .   p - +0 plate armour
rPois   .          Reflect  .   (no helmet)
rElec   .          Harm     .   v - +0 cloak
rCorr   .          Rampage  .   (no gloves)
Will    .....                   g - +0 pair of boots
Stlth   ..........              (no amulet)
HPRegen 0.20/turn               (no ring)
MPRegen 0.12/turn               (no ring)

@: hasted, very quick
A: fangs 1, strong nose, distributed training
a: no special abilities


You were on level 5 of the Dungeon.
You visited 1 branch of the dungeon, and saw 5 of its levels.

You collected 175 gold pieces.

Inventory:

Hand Weapons
 a - a +0 war axe
 f - a +2 short sword of venom (weapon)
 o - a +0 dagger of protection
 u - a +1 falchion of holy wrath
Missiles
 h - 11 poisoned darts (quivered)
 s - 4 atropa-tipped darts
Armour
 c - a +0 buckler (worn)
 g - a +0 pair of boots (worn)
 p - a +0 plate armour (worn)
 v - a +0 cloak (worn)
Scrolls
 e - a scroll of magic mapping
 i - 2 scrolls of immolation
 l - a scroll of noise {unknown}
 m - a scroll of brand weapon {unknown}
 q - a scroll of fear {unknown}
 r - a scroll of torment {unknown}
 t - a scroll of teleportation {unknown}
Potions
 d - a potion of might
 j - a potion of mutation
 k - 4 potions of curing
 n - a potion of resistance


   Skills:
 + Level 7.0 Fighting
 + Level 2.3 Short Blades
 + Level 2.3 Long Blades
 + Level 5.2 Axes
 + Level 2.3 Maces & Flails
 + Level 2.3 Polearms
 + Level 2.3 Staves
 + Level 2.3 Slings
 + Level 2.3 Bows
 + Level 2.3 Crossbows
 + Level 2.3 Throwing
 + Level 7.0 Armour
 + Level 2.3 Dodging
 + Level 2.3 Stealth
 + Level 7.0 Shields
 + Level 2.3 Unarmed Combat
 + Level 2.3 Spellcasting
 + Level 1.9 Conjurations
 + Level 1.9 Hexes
 + Level 1.9 Summonings
 + Level 1.9 Necromancy
 + Level 1.9 Translocations
 + Level 1.9 Transmutations
 + Level 1.9 Fire Magic
 + Level 1.9 Ice Magic
 + Level 1.9 Air Magic
 + Level 1.9 Earth Magic
 + Level 1.9 Poison Magic
 + Level 2.6 Invocations
 + Level 2.3 Evocations


You had 10 spell levels left.
You didn't know any spells.
Your spell library contained the following spells:

 Spells                   Type           Power      Damage    Failure   Level
 Beastly Appendage        Tmut           8%         N/A       100%        1
 Pain                     Necr           16%        1d4       100%        1
 Ensorcelled Hibernation  Hex/Ice        8%         N/A       100%        2
 Wereblood                Tmut           4%         N/A       100%        2
 Spider Form              Tmut/Pois      4%         N/A       100%        3
 Anguish                  Hex/Necr       2%         N/A       100%        4
 Dispersal                Tloc           2%         N/A       100%        6
 Disjunction              Tloc           2%         N/A       100%        8


Dungeon Overview and Level Annotations

Branches:
Dungeon (5/15)
 Temple: D:4-7

Altars:

Shops:
D:2 (


Innate Abilities, Weirdness & Mutations

You have very sharp teeth.
Your uncanny sense of smell can sniff out nearby items.
Your experience applies equally to all skills.


Message History

You closely miss the howler monkey. You bite the howler monkey.
The howler monkey is moderately wounded.
The howler monkey hoots and howls with incredible vigour!
You hear an angry hiss.
You hear a shout!
You hit the howler monkey but do no damage.
The howler monkey is moderately wounded.
The howler monkey hits you but does no damage.
You hit the howler monkey.
The howler monkey is poisoned.
The howler monkey is heavily wounded.
The howler monkey hits you but does no damage.
The howler monkey hits you.
You closely miss the howler monkey.
The howler monkey is heavily wounded.
The ogre hits you with a +0 giant club.
The howler monkey hits you but does no damage.
You hit the howler monkey. Your bite misses the howler monkey.
The howler monkey is severely wounded.
You block the howler monkey's attack. You block the ogre's attack.
You hit the howler monkey.
The howler monkey looks even sicker.
The howler monkey is almost dead.
The howler monkey hits you but does no damage.
You closely miss the howler monkey.
You bite the howler monkey, but do no damage.
The howler monkey is almost dead.
The howler monkey hoots and howls with incredible vigour!
The ogre closely misses you.
You hear a shout!
You hit the howler monkey.
You kill the howler monkey!
The ogre hits you with a +0 giant club!!
Your Fighting skill increases to level 7!
Your Armour skill increases to level 7!
Your Shields skill increases to level 7!
You completely miss the ogre. Your bite misses the ogre.
You barely miss the ogre.
The ogre hits you with a +0 giant club!!
* * * LOW HITPOINT WARNING * * *
You feel yourself speed up.
The ogre hits you with a +0 giant club!!
You die...

#....#....## #...........
##.......## ##...........
##.[....#####..#.........
##........#..####.......
##....#.....# ####....
##....##..## #####
##....##.# #.....#.##
##.@.....# #.#†O<...#
##.......# #........#
#......... #.........
##........ #........


You could see an ogre.

Vanquished Creatures
  A black bear (D:3)
  An ogre (D:4)
  A scorpion (D:5)
  A howler monkey (D:5)
  2 orc priests (D:3)
  Natasha (D:2)
  4 gnolls (D:3)
  3 adders
  An ufetubus (D:5)
  5 worms (D:2)
  A dart slug (D:2)
  6 orcs (D:3)
  6 ball pythons
  8 endoplasms
  3 giant cockroaches
  6 goblins
  6 hobgoblins
  A quokka (D:1)
  4 bats
  6 frilled lizards
  5 kobolds
  12 rats
84 creatures vanquished.

Vanquished Creatures (others)
  A plant (D:1)
1 creature vanquished.

Grand Total: 85 creatures vanquished

Notes
Turn   | Place    | Note
-------+----------+-------------------------------------------
     0 | D:1      | chopper the Gnoll Fighter began the quest for the Orb.
     0 | D:1      | Reached XP level 1. HP: 23/23 MP: 1/1
    92 | D:1      | Reached XP level 2. HP: 20/29 MP: 2/2
   426 | D:1      | Found a faded altar of an unknown god.
   736 | D:1      | Got Plato's Reference Book on Sinister Arts
   866 | D:1      | Reached XP level 3. HP: 32/35 MP: 3/3
  1215 | D:2      | Reached skill level 1 in Invocations
  1540 | D:2      | Found Faxar's Antique Weapon Shoppe.
  1561 | D:2      | Reached skill level 1 in Short Blades
  1561 | D:2      | Reached skill level 1 in Long Blades
  1561 | D:2      | Reached skill level 1 in Maces & Flails
  1561 | D:2      | Reached skill level 1 in Polearms
  1561 | D:2      | Reached skill level 1 in Staves
  1561 | D:2      | Reached skill level 1 in Slings
  1561 | D:2      | Reached skill level 1 in Bows
  1561 | D:2      | Reached skill level 1 in Crossbows
  1561 | D:2      | Reached skill level 1 in Throwing
  1561 | D:2      | Reached skill level 1 in Dodging
  1561 | D:2      | Reached skill level 1 in Stealth
  1561 | D:2      | Reached skill level 1 in Unarmed Combat
  1561 | D:2      | Reached skill level 1 in Spellcasting
  1561 | D:2      | Reached skill level 1 in Evocations
  1597 | D:2      | Reached XP level 4. HP: 41/41 MP: 5/5
  1809 | D:2      | Noticed Natasha
  1815 | D:2      | Killed Natasha
  1816 | D:2      | Reached skill level 1 in Conjurations
  1816 | D:2      | Reached skill level 1 in Hexes
  1816 | D:2      | Reached skill level 1 in Summonings
  1816 | D:2      | Reached skill level 1 in Necromancy
  1816 | D:2      | Reached skill level 1 in Translocations
  1816 | D:2      | Reached skill level 1 in Transmutations
  1816 | D:2      | Reached skill level 1 in Fire Magic
  1816 | D:2      | Reached skill level 1 in Ice Magic
  1816 | D:2      | Reached skill level 1 in Air Magic
  1816 | D:2      | Reached skill level 1 in Earth Magic
  1816 | D:2      | Reached skill level 1 in Poison Magic
  1941 | D:3      | Reached XP level 5. HP: 27/47 MP: 5/7
  2274 | D:3      | Noticed a black bear
  2289 | D:3      | Killed a black bear
  2290 | D:3      | Reached XP level 6. HP: 48/53 MP: 8/8
  2319 | D:3      | Reached skill level 5 in Axes
  4557 | D:5      | Entered Level 5 of the Dungeon
  4599 | D:5      | Reached XP level 7. HP: 59/59 MP: 10/10
  4645 | D:5      | HP: 3/60 [ogre/+0 giant club (26)]
  4646 | D:5      | Demolished by an ogre

Illustrated notes

Levels and vault maps discovered:
D:1:      dpeg_arrival_tiny_a, layout_loops_ring,
          shapermc_ecumenical_altar_rom_forum
D:2:      layout_loops_ring, serial_shops, shop_fountains, uniq_natasha
D:3:      layout_loops_ring, chequers_hall_statues_y
D:4:      layout_loops_ring, nicolae_zen_rock_garden
D:5:      layout_cave_pods, mainiacjoe_overflow_brackets, temple_hall,
          grunt_ministairs_15, uniq_eustachio

Skill      XL: |  1  2  3  4  5  6  7 |
---------------+----------------------+-----
Invocations    | 1 2 |  2.6
Short Blades   | 1 2 |  2.3
Long Blades    | 1 2 |  2.3
Maces & Flails | 1 2 |  2.3
Polearms       | 1 2 |  2.3
Staves         | 1 2 |  2.3
Slings         | 1 2 |  2.3
Bows           | 1 2 |  2.3
Crossbows      | 1 2 |  2.3
Throwing       | 1 2 |  2.3
Dodging        | 1 2 |  2.3
Stealth        | 1 2 |  2.3
Unarmed Combat | 1 2 |  2.3
Spellcasting   | 1 2 |  2.3
Evocations     | 1 2 |  2.3
Conjurations   | 1 |  1.9
Hexes          | 1 |  1.9
Summonings     | 1 |  1.9
Necromancy     | 1 |  1.9
Translocations | 1 |  1.9
Transmutations | 1 |  1.9
Fire Magic     | 1 |  1.9
Ice Magic      | 1 |  1.9
Air Magic      | 1 |  1.9
Earth Magic    | 1 |  1.9
Poison Magic   | 1 |  1.9
Axes           | 5 |  5.2
Fighting       | 7 |  7.0
Armour         | 7 |  7.0
Shields        | 7 |  7.0

Action                   |  1- 3 |  4- 6 |  7- 9 || total
-------------------------+-------+-------+-------++-------
Melee: Short sword       |    92 |   132 |    11 ||   235
       Bite              |     4 |    13 |     2 ||    19
       War axe           |     1 |       |       ||     1
Throw: Dart              |     7 |       |       ||     7
  Use: Scroll            |       |     5 |       ||     5
       Potion            |       |       |     1 ||     1
Armor: Scale mail        |    15 |       |       ||    15
       Chain mail        |    10 |       |       ||    10
       Plate armour      |    20 |    85 |     4 ||   109
Dodge: Dodged            |    32 |    44 |     1 ||    77
Block: Buckler           |    18 |    38 |     2 ||    58

Table legend: (Time is in decaauts)
 A = Elapsed time spent in this place.
 B = Non-inter-level travel time spent in this place.
 C = Inter-level travel time spent in this place.
 D = Time resting spent in this place.
 E = Time spent auto-exploring this place.
 F = Levels seen in this place.
 G = Mean time per level.
                   A        B        C        D        E       F      G
               +--------+--------+--------+--------+--------+-----+--------+
         Total |   4662 |   4662 |      0 |    812 |      0 |   5 |  932.4 |
       Dungeon |   4662 |   4662 |      0 |    812 |      0 |   5 |  932.4 |
               +--------+--------+--------+--------+--------+-----+--------+

Top non-repeatable levels by time:
     D:3: 1622 daAuts
     D:1: 1013 daAuts
     D:4: 1009 daAuts
     D:2: 926 daAuts
     D:5: 89 daAuts
